 Dungeon Crawl Stone Soup version 0.27-a0-774-g3e622ea735 (webtiles) character file.

Game seed: 15102895980506150727

231576 HydroHastile the Eclecticist (level 18, -3/151 HPs)
             Began as a Yellow Draconian Arcane Marksman on Jan 2, 2021.
             Was an Elder of Fedhas.
             Slain by a +7 glaive of freezing (14 damage)
             ... on level 2 of the Elven Halls on Mar 25, 2021.
             The game lasted 1 day 09:42:08 (59373 turns).

HydroHastile the Eclecticist (DrAM)            Turns: 59373, Time: 1 , 09:42:08

Health: -3/151     AC: 21    Str: 19    XL:     18   Next: 36%
Magic:  31/37      EV: 20    Int: 21    God:    Fedhas [****..]
Gold:   1283       SH:  9    Dex: 17    Spells: 3/47 levels left

rFire    . . .     SeeInvis .   a - +3 hand crossbow "Dragon's Doom" {elec, Int+3}
rCold    x . .     Faith    +   U - +3 buckler {reflect}
rNeg     + + .     Spirit   .   (armour unavailable)
rPois    +         Reflect  +   S - +2 hat
rElec    .         Harm     .   x - +2 cloak {Will+}
rCorr    +         Rampage  .   X - +2 pair of gloves of the Snail {+Blink rPois rC- rN++}
Will     ++...                  i - +2 pair of boots
Stlth    ++........             O - amulet of faith
HPRegen  0.35/turn              g - +4 ring of evasion
MPRegen  0.25/turn              l - +6 ring of strength

@: short of breath, silenced, flying, invisible
A: spit acid, AC +10, unfitting armour, acidic bite, cold-blooded, acid
resistance, antennae 1, big wings, agile 1
}: 2/15 runes: serpentine, barnacled
a: Breathe Acid, Stop Flying, Renounce Religion, Evoke Blink


You were on level 2 of the Elven Halls.
You worshipped Fedhas.
Fedhas was greatly pleased with you.
You visited 8 branches of the dungeon, and saw 33 of its levels.
You also visited: Ossuary and Ice Cave.

You collected 2962 gold pieces.
You spent 1679 gold pieces at shops.

Inventory:

Hand Weapons
 a - the +3 hand crossbow "Dragon's Doom" (weapon) {elec, Int+3}
   (You bought it in a shop on level 12 of the Dungeon)

   It charges the ammunition it shoots with electricity; occasionally upon a
   hit, such missiles may discharge and cause terrible harm.
   It affects your intelligence (+3).
 k - a +4 rapier of electrocution
 w - the +1 spear "Epiot" {freeze, +Rage rPois rC- Str+5}
   (You found it on level 10 of the Dungeon)

   It has been specially enchanted to freeze those struck by it, causing extra
   injury to most foes and up to half again as much damage against particularly
   susceptible opponents.
   It can also slow down cold-blooded creatures.
   It affects your strength (+5).
   It makes you vulnerable to cold.
   It protects you from poison.
   It lets you go berserk.
 G - a +4 vorpal hunting sling
 R - a +4 scimitar of holy wrath
Missiles
 c - 9 curare-tipped darts
 e - 9 atropa-tipped darts
 p - 269 sling bullets
 N - a bolt (quivered ammo)
 T - 59 javelins
 V - 9 throwing nets
 W - 2 boomerangs of dispersal
Armour
 i - a +2 pair of boots (worn)
 v - the +1 pair of gloves of Thoughtfulness {Harm Rampage Will++ MP-9}
   (You found it in an ice cave)

   It affects your willpower, your defense against some magical effects.
   It affects your magic capacity (-9).
   It increases damage dealt and taken.
   It bestows one free step when moving towards enemies.
 x - a +2 cloak of willpower (worn)
 S - a +2 hat (worn)
 U - a +3 buckler of reflection (worn)
 X - the +2 pair of gloves of the Snail (worn) {+Blink rPois rC- rN++}
   (You bought it in a shop on level 2 of the Orcish Mines)

   It makes you vulnerable to cold.
   It protects you from poison.
   It greatly protects you from negative energy.
   It lets you blink.
Jewellery
 g - a +4 ring of evasion (right hand)
 l - a +6 ring of strength (left hand)
 q - a ring of willpower
 r - a ring of protection from cold
 B - an amulet of the acrobat
 I - the ring of Honesty {+Inv rElec rPois}
   (You found it on level 2 of the Snake Pit)

   [ring of poison resistance]

   It insulates you from electricity.
   It protects you from poison.
   It lets you turn invisible.
 K - the ring of Yguxuru {+Blink rF+ rN+++ Str-3 Int+6 Slay-4}
   (You found it on level 12 of the Dungeon)

   [ring of protection from fire]

   It affects your strength (-3).
   It affects your intelligence (+6).
   It affects your accuracy and damage with ranged weapons and melee attacks
   (-4).
   It protects you from fire.
   It renders you almost immune to negative energy.
   It lets you blink.
 L - a ring of wizardry
 O - an amulet of faith (around neck)
Wands
 d - a wand of random effects (36)
 h - a wand of paralysis (9)
 j - a wand of mindburst (11)
 o - a wand of acid (14)
 A - a wand of digging (13)
 C - a wand of flame (61)
Scrolls
 b - a scroll of silence
 m - 9 scrolls of teleportation
 t - 4 scrolls of magic mapping
 u - a scroll of fear
 y - a scroll of summoning
 E - 2 scrolls of enchant armour
 F - 3 scrolls of fog
 P - a scroll of holy word
 Q - 9 scrolls of identify
Potions
 n - a potion of ambrosia
 s - 3 potions of brilliance
 z - 8 potions of might
 J - 8 potions of lignification
 M - a potion of invisibility
 Y - 5 potions of cancellation
Miscellaneous
 f - a condenser vane
 D - a box of beasts
 H - a lightning rod (3/4)
 Z - a tin of tremorstones (2/2)


   Skills:
 + Level 11.1 Fighting
 + Level 6.1 Short Blades
 + Level 1.2 Maces & Flails
 + Level 3.2 Polearms
 + Level 9.9(10.0) Slings
 + Level 10.6 Crossbows
 + Level 1.7(6.5) Throwing
 + Level 7.4 Dodging
 + Level 4.7 Stealth
 + Level 5.4 Shields
 + Level 15.4 Spellcasting
 + Level 0.2 Conjurations
 + Level 14.6 Hexes
 + Level 1.6 Summonings
 + Level 3.1 Necromancy
 + Level 7.5 Fire Magic
 + Level 1.9 Ice Magic
 + Level 1.5 Air Magic
 + Level 6.6 Invocations
 + Level 2.3 Evocations


You had 3 spell levels left.
You knew the following spells:

 Your Spells              Type           Power      Damage    Failure   Level
a - Corona                Hex            74%        N/A       0%          1
b - Slow                  Hex            67%        N/A       0%          2
c - Confusing Touch       Hex            67%        N/A       1%          3
d - Inner Flame           Hex/Fire       58%        N/A       1%          3
e - Cause Fear            Hex            33%        N/A       1%          4
f - Tukima's Dance        Hex            67%        N/A       1%          3
g - Ensorcelled Hibernat  Hex/Ice        100%       N/A       1%          2
h - Swiftness             Air            22%        N/A       3%          2
i - Dazzling Flash        Conj/Hex       94%        N/A       1%          3
j - Passwall              Tmut/Erth      13%        N/A       5%          2
k - Animate Skeleton      Necr           58%        N/A       1%          1
l - Summon Small Mammal   Summ           92%        N/A       1%          1
m - Leda's Liquefaction   Hex/Erth       23%        N/A       1%          4
n - Gell's Gravitas       Tloc           8%         N/A       11%         3
o - Metabolic Englaciati  Hex/Ice        25%        N/A       3%          5
p - Silence               Hex/Air        25%        N/A       3%          5

Your spell library contained the following spells:

 Spells                   Type           Power      Damage    Failure   Level
 Pain                     Necr           100%       1d9       1%          1
 Portal Projectile        Hex/Tloc       92%        N/A       1%          3
 Shock                    Conj/Air       80%        1d8       2%          1
 Apportation              Tloc           32%        N/A       3%          1
 Magic Dart               Conj           68%        1d6       3%          1
 Sandblast                Erth           32%        2d9       3%          1
 Sting                    Tmut/Pois      64%        1d6       3%          1
 Vampiric Draining        Necr           14%        2d8       3%          3
 Poisonous Vapours        Pois/Air       38%        N/A       4%          2
 Searing Ray              Conj           34%        3d4       4%          2
 Ignite Poison            Fire/Tmut/Pois 26%        N/A       4%          3
 Blink                    Tloc           N/A        N/A       5%          2
 Static Discharge         Conj/Air       20%        N/A       8%          3
 Mephitic Cloud           Conj/Pois/Air  18%        N/A       9%          3
 Lesser Beckoning         Tloc           8%         N/A       11%         3
 Stone Arrow              Conj/Erth      32%        3d9       11%         3
 Teleport Other           Tloc           16%        N/A       11%         3
 Fulminant Prism          Conj/Hex       23%        3d13      1%          4
 Yara's Violent Unravell  Hex/Tmut       23%        3d10      4%          5
 Animate Dead             Necr           14%        N/A       10%         4
 Summon Ice Beast         Ice/Summ       23%        N/A       17%         4
 Airstrike                Air            11%        N/A       19%         4
 Summon Lightning Spire   Summ/Air       23%        N/A       19%         4
 Agony                    Necr           29%        N/A       28%         5
 Iskenderun's Mystic Bla  Conj/Tloc      16%        2d5       34%         4
 Bolt of Magma            Conj/Fire/Erth 13%        4d8       34%         5
 Olgreb's Toxic Radiance  Pois           16%        N/A       36%         4
 Petrify                  Tmut/Erth      16%        N/A       36%         4
 Borgnjor's Vile Clutch   Necr/Erth      11%        N/A       47%         5
 Discord                  Hex            33%        N/A       52%         8
 Lightning Bolt           Conj/Air       10%        1d23      56%         5
 Summon Forest            Summ/Tloc      9%         N/A       58%         5
 Irradiate                Conj/Tmut      8%         3d16      67%         5
 Iskenderun's Battlesphe  Conj           17%        2d7       67%         5
 Lee's Rapid Deconstruct  Erth           8%         3d8*      71%         5
 Manifold Assault         Tloc           16%        N/A       71%         5
 Shadow Creatures         Summ           N/A        N/A       96%         6
 Conjure Ball Lightning   Conj/Air       10%        3x3d6     98%         6
 Iron Shot                Conj/Erth      8%         9d3       99%         6
 Orb of Destruction       Conj           8%         9d4       100%        7
 Spellforged Servitor     Conj/Summ      10%        N/A       100%        7
 Tornado                  Air            11%        N/A       100%        9
 Animate Armour           Summ/Erth      Unusable   N/A       N/A         4

Dungeon Overview and Level Annotations

Branches:
Dungeon (13/15)            Temple (1/1) D:4            Lair (6/6) D:8
 Shoals (4/4) Lair:2        Snake (4/4) Lair:3        Slime (1/5) Lair:6
    Orc (2/2) D:9             Elf (2/3) Orc:2       Ossuary (visited)
  IceCv (visited)
 Vaults: D:13-14

Altars:
Ashenzari
Cheibriados
Dithmenos
Elyvilon
Fedhas
Gozag
Hepliaklqana
Kikubaaqudgha
Makhleb
Nemelex Xobeh
Okawaru
Qazlal
Ru
Sif Muna
Trog
Uskayaw
Vehumet
Wu Jian
Xom
Yredelemnul
Zin
The Shining One
Beogh

Shops:
D:8 [   D:12 (   Orc:1 ?   Orc:2 ([([:   Elf:2 ?   Snake:2 x==   Snake:3 [*:
Snake:4 (

Portals:
Trove: D:12 (give 19 potions of curing)

Annotations:
D:13 Rupert
Lair:1 3 runed translucent doors, Immag's ghost, journeyman OpVM
Shoals:3 2 transporters, Enucirho's ghost, adept HaHu
Snake:3 1 runed translucent door, Ylebor's ghost, adept TrFi
Orc:1 Erolcha; Nergalle
Elf:2 1 runed translucent door


Innate Abilities, Weirdness & Mutations

You can spit globs of acid.
Your golden yellow scales are hard. (AC +10)
You cannot fit into any form of body armour.
You have acidic saliva.
You are cold-blooded and may be slowed by cold attacks.
You are resistant to acid. (rCorr)
You have a pair of small antennae on your head.
Your large and strong wings let you fly indefinitely.
You are agile. (Dex +2)


Message History

The bolt hits the +7 glaive of freezing!!
The +7 glaive of freezing is severely damaged.
Your ballistomycete spore explodes!
A water elemental comes into view.
Fire: 2 bolts
Press: ? - help, Q - select action, (/) - cycle Shift-Dir - straight line, f/p - +7 glaive of freezing
Aim: a +7 glaive of freezing (severely damaged, ally target, 58% to hit)
You shoot a bolt.
The bolt misses the +7 glaive of freezing.
Press: ? - help, Shift-Dir - straight line, f/p - +7 glaive of freezing
Aim: a +7 glaive of freezing (severely damaged, ally target)
You spit a glob of acid.
The glob of acid hits the +7 glaive of freezing but does no damage.
The +7 glaive of freezing is severely damaged.
A deep elf pyromancer comes into view. It is wielding a +0 long sword.
A water elemental comes into view.
Fire: bolt
Press: ? - help, Q - select action, (/) - cycle Shift-Dir - straight line, f/p - +7 glaive of freezing
Aim: a +7 glaive of freezing (severely damaged, ally target, 58% to hit)
You fly carefully through the plants.
A deep elf pyromancer comes into view. It is wielding a +0 long sword.
The +7 glaive of freezing hits you from afar!!
* * * LOW HITPOINT WARNING * * *
The +7 glaive of freezing freezes you!
* * * LOW HITPOINT WARNING * * *
A ballistomycete spore comes into view.
Press: ? - help, v - describe, . - travel
Here: a +7 glaive of freezing (severely damaged, ally target)
The floor.
Press: ? - help, v - describe, . - travel
Here: a +7 glaive of freezing (severely damaged, ally target)
The floor.
Press: ? - help, v - describe, . - travel, g - get item
Here: a deep elf pyromancer, wielding a +0 long sword
Items here: a +0 long sword; a +0 ring mail; 3 bolts.
The floor.
You fade into invisibility!
The +7 glaive of freezing hits you from afar!
You die...
Fedhas appreciates your contribution to the ecosystem.

.. $.#...#. #.(...(... .#
#}.###.####.(...... .
#........#......Ee .
#......#.......).## . #
#...##.###....(e..## ..
#########.##.....)(P..#...
..)........#'#.)EPP......(
####.......'∩'..P*P)..#
.###.......#+###@PP..##
..##......##.####...##
..##.......#......(..##
#.##........#.........#
#.##..................(..
########################+
.


You could see 2 water elementals, 2 deep elf pyromancers, a +7 glaive of
freezing (ally target), a friendly ballistomycete (summoned) and a friendly
ballistomycete spore.

Vanquished Creatures
  Mara (Shoals:3)
  Nikola (Snake:4)
  A kraken (Shoals:3)
  8 nagarajas
  A frost giant (Shoals:4)
  A deep elf demonologist (Elf:1)
  A deep elf annihilator (Elf:1)
  4 merfolk javelineers (Shoals:4)
  A fire dragon (Lair:6)
  5 merfolk impalers
  An ice dragon (Lair:6)
  15 naga warriors
  14 anacondas
  11 hydras
  2 alligator snapping turtles (Shoals:4)
  2 centaur warriors
  3 merfolk avatars
  3 merfolk aquamancers
  A two-headed ogre (D:11)
  A catoblepas (Lair:2)
  2 satyrs
  3 orc high priests (Orc:2)
  6 shock serpents
  4 deep elf knights
  10 naga sharpshooters
  Sonja (Lair:5)
  9 salamander mystics
  An unseen horror (D:10)
  A swamp dragon (Lair:6)
  4 naga ritualists
  11 sea snakes
  4 deep elf archers
  2 orc knights (Orc:2)
  8 harpies (Shoals:1)
  7 lindwurms
  4 orc sorcerers (Orc:2)
  3 ugly things
  27 deep elf pyromancers
  4 cyclopes
  16 manticores
  24 fauns
  8 mana vipers
  13 salamanders
  10 elephants
  19 naga magi
  28 black mambas
  5 merfolk sirens
  6 cane toads
  6 dancing weapons
  9 guardian serpents
  4 water nymphs
  5 torpor snails
  2 ice statues (IceCv)
  9 ice devils (IceCv)
  3 rime drakes
  5 komodo dragons
  23 merfolk
  3 polar bears
  4 trolls
  3 hornets (Lair:6)
  4 blink frogs (Lair:5)
  11 snapping turtles
  6 slime creatures (Lair:6)
  7 wind drakes
  2 tyrant leeches (Lair:6)
  5 dream sheep
  An air elemental (Elf:1)
  54 yaks
  16 water elementals
  5 wyverns
  A vampire (D:11)
  6 fire elementals
  A yak (shapeshifter) (Elf:2)
  5 basilisks
  2 golden eyes (Lair:6)
  4 steam dragons
  3 vampire mosquitoes (D:13)
  Grum (D:11)
  A warg (Orc:2)
  28 nagas
  13 water moccasins
  A floating eye (Lair:1)
  A hell hound (Elf:1)
  21 orc warriors
  A swamp drake (Lair:6)
  6 sky beasts
  A phantom (D:10)
  4 ice beasts
  3 black bears
  2 necrophages
  9 ogres
  17 wolves
  8 centaurs
  Blork the orc (D:6)
  2 kobold brigands
  19 bullfrogs
  A wyvern skeleton (D:11)
  17 scorpions
  21 killer bees
  An electric eel (D:6)
  4 howler monkeys
  12 wights
  A crimson imp (D:7)
  2 bullfrog zombies
  2 quasits
  A human zombie (Ossuary)
  10 hounds
  3 centaur zombies
  4 jellies
  Crazy Yiuf (D:3)
  13 orc priests
  A centaur skeleton (D:6)
  A gnoll shaman (D:7)
  12 orc wizards
  4 bullfrog skeletons
  4 iguanas
  14 removed worker ants
  8 hell rats
  A killer bee zombie (D:5)
  2 kobold brigand zombies (Ossuary)
  A hound zombie (D:10)
  4 mummies
  A hound skeleton (D:8)
  A howler monkey zombie (D:10)
  2 removed worker ant zombies
  15 adders
  16 gnolls
  3 scorpion zombies (Ossuary)
  A shadow imp (D:5)
  9 white imps
  5 ufetubi
  8 endoplasms
  An adder zombie (D:5)
  An adder skeleton (D:8)
  3 worms
  5 dart slugs
  60 orcs
  15 removed leopard geckos
  5 bats
  2 giant cockroaches
  3 gnoll zombies (Ossuary)
  9 goblins
  7 hobgoblins
  15 jackals
  12 kobolds
  4 quokkas
  5 ball pythons
  2 frilled lizards
  4 goblin zombies
  6 hobgoblin zombies
  2 kobold skeletons (D:9)
  A kobold zombie (Ossuary)
  2 orc zombies
  6 rats
  A tentacle (Shoals:3)
1042 creatures vanquished.

Vanquished Creatures (collateral kills)
  Azrael (Elf:1)
  A merfolk impaler (Shoals:2)
  A catoblepas (Lair:2)
  A merfolk avatar (Shoals:2)
  2 dancing weapons
  A two-headed ogre (D:8)
  A naga sharpshooter (Snake:1)
  A shock serpent (Snake:4)
  A sea snake (Shoals:4)
  3 orc knights (Orc:2)
  3 deep elf pyromancers (Elf:1)
  A harpy (Shoals:1)
  2 elephants
  A black mamba (Snake:4)
  A merfolk siren (Shoals:3)
  A water nymph (Shoals:4)
  A torpor snail (Lair:6)
  Maggie (Lair:2)
  2 komodo dragons
  An ice devil (IceCv)
  A merfolk (Shoals:4)
  A tyrant leech (Lair:6)
  4 hornets
  Sigmund (D:3)
  3 water elementals
  2 yaks
  4 nagas
  3 wolves (Lair:3)
  7 killer bees
  A wight (D:11)
  An orc priest (Orc:1)
  An orc wizard (D:11)
  An iguana (D:9)
  4 orcs
  A goblin zombie (D:9)
  A hobgoblin zombie (D:9)
  98 ballistomycete spores
161 creatures vanquished.

Vanquished Creatures (others)
  A harpy (Shoals:1)
  A deep elf pyromancer (Elf:1)
  3 oklob plants
  A merfolk siren (Shoals:1)
  A guardian serpent (Snake:4)
  9 dancing weapons
  A yak (Lair:1)
  3 wolves (Lair:1)
  An orc wizard (Orc:2)
  A hell rat (Lair:6)
  5 white imps (IceCv)
  2 ufetubi (IceCv)
  A kobold zombie (Ossuary)
  21 ballistomycete spores
  A bush (Lair:6)
  34 fungi
  178 plants
  13 tentacles (Shoals:3)
277 creatures vanquished.

Grand Total: 1480 creatures vanquished

Notes
Turn   | Place    | Note
-------+----------+-------------------------------------------
     0 | D:1      | HydroHastile the Draconian Arcane Marksman began the quest
                  | for the Orb.
     0 | D:1      | Reached XP level 1. HP: 16/16 MP: 2/2
    95 | D:1      | Reached XP level 2. HP: 23/23 MP: 0/3
    98 | D:1      | Learned a level 2 spell: Slow
   383 | D:1      | Reached XP level 3. HP: 28/28 MP: 2/4
  1141 | D:2      | You fall into a shaft and drop 1 floor!
  1182 | D:3      | Noticed Sigmund
  1464 | D:2      | Gained mutation: You have a pair of small antennae on your
                  | head. [potion of mutation]
  1464 | D:2      | Gained mutation: Your large and strong wings let you fly
                  | indefinitely. [potion of mutation]
  1464 | D:2      | Gained mutation: You are agile. (Dex +2) [potion of
                  | mutation]
  1544 | D:2      | Reached XP level 4. HP: 36/36 MP: 3/5
  1635 | D:2      | Found an ornate altar of the Wu Jian Council.
  1641 | D:2      | Noticed a spectral centipede
  1641 | D:2      | Noticed a spectral black mamba
  1641 | D:2      | Noticed a spectral cane toad
  2315 | D:3      | Found a runed translucent door.
  2316 | D:3      | Noticed Crazy Yiuf
  2351 | D:3      | Found an opulent altar of Gozag.
  2598 | D:3      | Reached XP level 5. HP: 25/41 MP: 7/7
  3763 | D:4      | Found a staircase to the Ecumenical Temple.
  3769 | D:4      | Reached skill level 2 in Spellcasting
  3984 | Temple   | Entered the Ecumenical Temple
  4287 | Temple   | Became a worshipper of Fedhas Madash
  4430 | D:4      | Found a white marble altar of Elyvilon.
  4464 | D:4      | Reached XP level 6. HP: 42/48 MP: 7/9
  4508 | D:4      | Learned a level 3 spell: Confusing Touch
  4612 | D:4      | Upgraded the game from 0.27-a0-12-g5dcdf963e0 to
                  | 0.27-a0-25-g087482e4d5
  4961 | D:5      | Entered Level 5 of the Dungeon
  4962 | D:5      | Noticed an ice beast
  5010 | D:4      | Learned a level 3 spell: Inner Flame
  5297 | D:5      | Killed an ice beast
  5298 | D:5      | Reached skill level 3 in Spellcasting
  5355 | D:5      | Your scales start taking on a golden yellow colour.
  5355 | D:5      | Reached XP level 7. HP: 56/56 MP: 8/12
  5355 | D:5      | Gained mutation: You are resistant to acid. (rCorr) [Yellow
                  | Draconian growth]
  5478 | D:5      | Found a sand-covered staircase.
  5560 | Ossuary  | Entered an ossuary
  5573 | Ossuary  | Reached * piety under Fedhas
  5933 | Ossuary  | Reached skill level 5 in Crossbows
  6094 | Ossuary  | Reached skill level 1 in Short Blades
  6094 | Ossuary  | Reached skill level 4 in Spellcasting
  6238 | Ossuary  | Reached XP level 8. HP: 54/63 MP: 12/14
  6480 | Ossuary  | Reached ** piety under Fedhas
  6920 | D:5      | Reached skill level 5 in Hexes
  7601 | D:5      | Learned a level 4 spell: Cause Fear
  7779 | D:6      | Noticed Blork the orc
  7780 | D:6      | Reached skill level 1 in Stealth
  7891 | D:6      | Killed Blork the orc
  7892 | D:6      | Reached skill level 5 in Spellcasting
  8081 | D:6      | Reached XP level 9. HP: 71/71 MP: 10/16
  8165 | D:6      | Reached skill level 1 in Fire Magic
  8866 | D:7      | Reached *** piety under Fedhas
  8904 | D:7      | Learned a level 3 spell: Tukima's Dance
  8907 | D:7      | Learned a level 2 spell: Ensorcelled Hibernation
  8989 | D:7      | Found a shadowy altar of Dithmenos.
  8993 | D:7      | Found an ancient bone altar of Kikubaaqudgha.
  9222 | D:7      | Reached skill level 6 in Spellcasting
  9252 | D:7      | Learned a level 2 spell: Swiftness
  9268 | D:7      | Found a shimmering altar of Xom.
  9288 | D:7      | Found a burning altar of Makhleb.
  9431 | D:7      | Reached skill level 5 in Fighting
  9721 | D:3      | Killed Sigmund
  9842 | D:3      | Paralysed by Crazy Yiuf for 6 turns
  9866 | D:3      | Killed Crazy Yiuf
 10525 | D:8      | Noticed a two-headed ogre
 10565 | D:8      | Killed a two-headed ogre
 10566 | D:8      | Reached skill level 1 in Ice Magic
 10566 | D:8      | Reached XP level 10. HP: 72/81 MP: 8/19
 11363 | D:8      | Found Joman's Antique Armour Boutique.
 11366 | D:8      | Bought a pair of embroidered gloves for 150 gold pieces
 11381 | D:8      | Bought a runed buckler for 150 gold pieces
 11435 | D:8      | Found a staircase to the Lair.
 11567 | D:8      | Noticed a death yak
 11682 | D:9      | Found a glowing golden altar of the Shining One.
 11840 | D:9      | Reached **** piety under Fedhas
 11841 | D:9      | Reached skill level 1 in Slings
 12216 | D:9      | Reached skill level 7 in Spellcasting
 13103 | D:9      | Found a roughly hewn altar of Beogh.
 13103 | D:9      | Found a staircase to the Orcish Mines.
 13327 | Orc:1    | Entered Level 1 of the Orcish Mines
 13365 | Orc:2    | Entered Level 2 of the Orcish Mines
 13468 | Orc:2    | Found Distrom's Antique Weapon Boutique.
 13494 | Orc:2    | Noticed an orc knight
 13689 | Orc:2    | Killed an orc knight
 13750 | Orc:2    | Bought a glowing hunting sling for 130 gold pieces
 13762 | Orc:2    | Found a staircase to the Elven Halls.
 13820 | Orc:2    | Noticed an orc sorcerer
 14151 | Lair:1   | Entered Level 1 of the Lair of Beasts
 14157 | Lair:1   | Reached XP level 11. HP: 89/89 MP: 14/22
 14550 | Lair:1   | Killed an oklob plant
 14563 | Lair:1   | Killed an oklob plant
 14684 | Lair:1   | Reached skill level 1 in Invocations
 14789 | Lair:1   | Noticed an eight-headed hydra
 14801 | Lair:1   | Killed an eight-headed hydra
 14808 | Lair:1   | Learned a level 3 spell: Dazzling Flash
 14870 | Lair:1   | Noticed a seven-headed hydra
 14871 | Lair:1   | Noticed Immag's ghost (journeyman OpVM)
 14940 | Lair:1   | Found a runed translucent gate.
 14941 | Lair:1   | Found a runed translucent gate.
 14942 | Lair:1   | Found a runed translucent gate.
 15520 | Lair:1   | Upgraded the game from 0.27-a0-25-g087482e4d5 to
                  | 0.27-a0-32-g443bf2d2ca
 15528 | Lair:1   | Learned a level 2 spell: Passwall
 15542 | Lair:2   | Noticed a catoblepas
 15588 | Lair:2   | Killed a catoblepas
 15837 | Lair:2   | Noticed an eight-headed hydra
 15846 | Lair:2   | Killed an eight-headed hydra
 15847 | Lair:2   | Reached skill level 5 in Slings
 15847 | Lair:2   | Reached skill level 8 in Spellcasting
 15956 | Lair:2   | Noticed a catoblepas
 16011 | Lair:2   | Killed a catoblepas
 16012 | Lair:2   | Reached skill level 1 in Shields
 16661 | Lair:2   | Noticed Maggie
 17119 | Lair:2   | Killed Maggie
 17527 | Lair:2   | Found a staircase to the Shoals.
 18074 | Orc:2    | Killed an orc sorcerer
 18237 | Orc:1    | Found Yfuguod's Magic Scroll Boutique.
 18277 | Orc:1    | Noticed Erolcha
 18280 | Orc:1    | Bought a scroll of enchant armour for 105 gold pieces
 18280 | Orc:1    | Bought a scroll of enchant weapon for 105 gold pieces
 18429 | Orc:1    | Noticed Nergalle
 18696 | Orc:2    | Reached XP level 12. HP: 97/97 MP: 12/24
 19300 | Orc:2    | Noticed an orc high priest
 19303 | Orc:2    | Noticed an orc high priest
 19448 | Shoals:1 | Entered Level 1 of the Shoals
 19639 | Lair:3   | Learned a level 1 spell: Animate Skeleton
 19641 | Lair:3   | Learned a level 1 spell: Summon Small Mammal
 20043 | Lair:3   | Found a staircase to the Snake Pit.
 20196 | Lair:3   | Noticed a four-headed hydra
 20209 | Lair:3   | Killed a four-headed hydra
 20774 | Lair:3   | Found an ancient bone altar of Kikubaaqudgha.
 21097 | Snake:1  | Entered Level 1 of the Snake Pit
 21109 | Snake:1  | You are sucked into a shaft and drop 1 floor!
 21146 | Snake:1  | Reached skill level 9 in Spellcasting
 21448 | Lair:4   | Noticed an eight-headed hydra
 21463 | Lair:4   | Killed an eight-headed hydra
 21464 | Lair:4   | Reached skill level 1 in Evocations
 21635 | Lair:4   | Noticed an eight-headed hydra
 21649 | Lair:4   | Killed an eight-headed hydra
 22513 | Lair:5   | Noticed a six-headed hydra
 22575 | Lair:5   | Killed a six-headed hydra
 22576 | Lair:5   | Reached XP level 13. HP: 62/105 MP: 12/26
 22876 | Lair:5   | Noticed Sonja
 22895 | Lair:5   | Killed Sonja
 22896 | Lair:5   | Reached skill level 5 in Dodging
 23354 | Lair:5   | Reached skill level 5 in Fire Magic
 23698 | Lair:5   | Learned a level 4 spell: Leda's Liquefaction
 23710 | Lair:6   | Entered Level 6 of the Lair of Beasts
 23744 | Lair:5   | Reached skill level 10 in Hexes
 24842 | Lair:5   | Reached skill level 5 in Short Blades
 25212 | Lair:5   | Reached skill level 10 in Spellcasting
 26731 | Lair:6   | Noticed a fire dragon
 26930 | Lair:6   | Found a staircase to the Slime Pits.
 27145 | Lair:6   | Found a runed translucent door.
 27475 | Lair:6   | Gained mutation: You have acidic saliva. [Yellow Draconian
                  | growth]
 27475 | Lair:6   | Reached XP level 14. HP: 105/115 MP: 3/28
 27919 | Lair:6   | Upgraded the game from 0.27-a0-32-g443bf2d2ca to
                  | 0.27-a0-40-g5f2be0e231
 27927 | Slime:1  | Entered Level 1 of the Pits of Slime
 28432 | D:10     | Entered Level 10 of the Dungeon
 29210 | D:10     | Got a smoking spear
 29211 | D:10     | Identified the cursed +1 spear "Epiot" {freeze, +Rage rPois
                  | rC- Str+5} (You found it on level 10 of the Dungeon)
 29282 | D:10     | Reached skill level 11 in Spellcasting
 29890 | D:11     | Reached skill level 1 in Polearms
 30332 | D:11     | Learned a level 3 spell: Gell's Gravitas
 30352 | D:11     | Reached ***** piety under Fedhas
 31067 | D:11     | Noticed Grum
 31104 | D:11     | Killed Grum
 31866 | D:11     | Found an iron altar of Okawaru.
 32261 | D:12     | Found a portal to a secret trove of treasure.
 32328 | D:12     | Reached skill level 1 in Maces & Flails
 32499 | D:12     | Got a scintillating tin ring
 32500 | D:12     | Identified the ring of Yguxuru {+Blink rF+ rN+++ Str-3
                  | Int+6 Slay-4} (You found it on level 12 of the Dungeon)
 33175 | D:12     | Found Uhiczud's Weapon Emporium.
 33183 | D:12     | Bought the +3 hand crossbow "Dragon's Doom" {elec, Int+3}
                  | for 481 gold pieces
 33426 | D:13     | Reached ****** piety under Fedhas
 33434 | D:13     | Noticed Rupert
 33607 | D:9      | Upgraded the game from 0.27-a0-40-g5f2be0e231 to
                  | 0.27-a0-46-g34d46f0a3f
 33816 | Orc:2    | Reached skill level 1 in Summonings
 34063 | Orc:2    | Found Jekuif's Weapon Shoppe.
 34063 | Orc:2    | Found Eshe's Armour Shop.
 34067 | Orc:2    | Found Haisk's Book Shoppe.
 34067 | Orc:2    | Found Seod's Antique Armour Shop.
 34080 | Orc:2    | Bought 19 bolts for 64 gold pieces
 34198 | Orc:2    | Bought a pair of heavily runed gloves for 247 gold pieces
 34209 | Orc:2    | Identified the +2 pair of gloves of the Snail {+Blink rPois
                  | rC- rN++} (You bought it in a shop on level 2 of the Orcish
                  | Mines)
 34216 | Orc:2    | Bought a pair of encrusted boots for 247 gold pieces
 34228 | Orc:2    | Identified the +1 pair of boots of Beogh's Respect {Str+3
                  | Int-5} (You bought it in a shop on level 2 of the Orcish
                  | Mines)
 35573 | Snake:1  | Found a stormy altar of Qazlal.
 35656 | Snake:1  | Got an ivory shortbow
 35657 | Snake:1  | Identified the +1 shortbow of Demonkind {freeze, rF+} (You
                  | found it on level 1 of the Snake Pit)
 36017 | Snake:1  | Reached XP level 15. HP: 89/124 MP: 27/30
 36266 | Snake:2  | Reached skill level 12 in Spellcasting
 37395 | Snake:2  | Found Xeboviu's Gadget Shoppe.
 37396 | Snake:2  | Found Sewnin's Jewellery Shop.
 37396 | Snake:2  | Found Dojann's Jewellery Shop.
 38271 | Snake:2  | Got a wavering iron ring
 38272 | Snake:2  | Identified the ring of Honesty {+Inv rElec rPois} (You
                  | found it on level 2 of the Snake Pit)
 38397 | Snake:3  | Noticed a nagaraja
 38431 | Snake:3  | Killed a nagaraja
 38584 | Snake:3  | Found a runed translucent door.
 38588 | Snake:3  | Noticed Ylebor's ghost (adept TrFi)
 38816 | Snake:3  | Found Dejiam's Assorted Antiques.
 38816 | Snake:3  | Found Huirr's Armour Shoppe.
 39007 | Snake:3  | Reached skill level 10 in Crossbows
 39945 | Snake:3  | Found Rakaedy's Book Boutique.
 40044 | Snake:3  | Upgraded the game from 0.27-a0-46-g34d46f0a3f to
                  | 0.27-a0-54-g64bdb92e38
 40083 | Snake:4  | Entered Level 4 of the Snake Pit
 40238 | Snake:4  | Found a frozen archway.
 40497 | IceCv    | Entered an ice cave
 40927 | IceCv    | Got a pair of heavily runed gloves
 40945 | IceCv    | Identified the +1 pair of gloves of Thoughtfulness {Harm
                  | Rampage Will++ MP-9} (You found it in an ice cave)
 41080 | IceCv    | Reached skill level 5 in Invocations
 41105 | IceCv    | Noticed an Ice Fiend
 41165 | Snake:4  | Learned a level 5 spell: Metabolic Englaciation
 41571 | Snake:4  | Found Heco Jag's Weapon Shoppe.
 42501 | Snake:4  | Noticed a nagaraja
 42508 | Snake:4  | Killed a nagaraja
 42516 | Snake:4  | Noticed a nagaraja
 42520 | Snake:4  | Reached skill level 13 in Spellcasting
 42520 | Snake:4  | Killed a nagaraja
 42521 | Snake:4  | Reached XP level 16. HP: 133/133 MP: 9/33
 42701 | Snake:4  | Reached skill level 1 in Necromancy
 43141 | Snake:4  | Reached skill level 10 in Fighting
 44364 | Snake:4  | Noticed Nikola
 44385 | Snake:4  | Killed Nikola
 44771 | Snake:4  | Got a serpentine rune of Zot
 44949 | Snake:4  | Upgraded the game from 0.27-a0-54-g64bdb92e38 to
                  | 0.27-a0-58-g0ec5f8ab93
 46333 | Slime:1  | Noticed an acid blob
 47104 | Shoals:1 | Reached skill level 14 in Spellcasting
 47494 | Shoals:1 | Reached XP level 17. HP: 78/140 MP: 24/35
 47765 | Shoals:1 | Upgraded the game from 0.27-a0-58-g0ec5f8ab93 to
                  | 0.27-a0-67-g4bfc8a49e1
 47771 | Shoals:1 | Learned a level 5 spell: Silence
 48952 | Shoals:2 | Identified a scroll of acquirement
 49039 | Shoals:2 | Upgraded the game from 0.27-a0-67-g4bfc8a49e1 to
                  | 0.27-a0-577-ge2a43ba0c9
 49039 | Shoals:2 | Upgraded the game from 0.27-a0-577-ge2a43ba0c9 to
                  | 0.27-a0-695-gb4952372f7
 49070 | Shoals:2 | Acquired a +1 cloak of willpower
 49128 | Shoals:2 | Identified Eleosiwk's Volume of Lightness and Summoning
 50194 | Shoals:3 | Noticed Mara
 50220 | Shoals:3 | Killed Mara
 51175 | Shoals:3 | Found a transporter.
 51175 | Shoals:3 | Found a transporter.
 51188 | Shoals:3 | Noticed Enucirho's ghost (adept HaHu)
 51193 | Shoals:3 | Identified the +6 trident "Rufauc" {drain, +Rage rElec}
 51782 | Shoals:3 | Noticed a kraken
 51822 | Shoals:3 | Killed a kraken
 52171 | Shoals:4 | Entered Level 4 of the Shoals
 52468 | Shoals:4 | Reached skill level 5 in Shields
 52971 | Shoals:4 | Identified the +1 leather armour "Meam Ysi" {rCorr}
 53723 | Shoals:4 | Reached skill level 15 in Spellcasting
 54246 | Shoals:4 | Got a barnacled rune of Zot
 54400 | Shoals:4 | Reached XP level 18. HP: 130/151 MP: 35/37
 54934 | Shoals:4 | Upgraded the game from 0.27-a0-695-gb4952372f7 to
                  | 0.27-a0-720-g3f424a255b
 55576 | Elf:1    | Entered Level 1 of the Elven Halls
 55591 | Orc:2    | HP: 7/151 [+0 flail of holy wrath (9)]
 56656 | Elf:1    | Reached skill level 1 in Throwing
 57363 | Elf:1    | Identified Sif Muna's Catalogue of Calling
 57373 | Elf:1    | Reached skill level 1 in Air Magic
 57719 | Elf:1    | Identified the Volume of Fate
 58377 | Elf:1    | Noticed Azrael
 58745 | Elf:1    | Killed Azrael
 59159 | Elf:1    | Upgraded the game from 0.27-a0-720-g3f424a255b to
                  | 0.27-a0-774-g3e622ea735
 59321 | Elf:2    | Found Elufer's Magic Scroll Shop.
 59337 | Elf:2    | Found a runed translucent gate.
 59373 | Elf:2    | Slain by a +7 glaive of freezing

Illustrated notes

Levels and vault maps discovered:
D:1:      lemuel_arrival_funnel, layout_rooms, minmay_distorted
D:2:      layout_basic, pdpol_wu_jian_five_deadly_venoms
D:3:      layout_loops_corners, overflow_temple_1_default, portal_sewer_entry_f,
          uniq_sigmund, uniq_crazy_yiuf_cottage
D:4:      layout_rooms, minmay_temple_entry_grid, elyvilon_altar_3
D:5:      layout_cave_pools, nicolae_ossuary_entry_giza,
          serial_co_window_serial, co_window_of_opportunity_a,
          co_window_paths_b, co_window_paths_b, co_window_corner_a,
          co_window_corner_a, co_window_paths_a, co_window_corner_a,
          co_window_broadway_b, co_window_corner_cb, co_window_corner_cb,
          co_window_2corner, co_window_corner_b, co_window_4corner_b,
          co_window_paths_e, glass_columns_b, glass_columns_b
D:6:      layout_rooms, corexii_hall_statues_t, fountainhead,
          serial_bayou_ford_a, uniq_blork_the_orc
D:7:      layout_rooms, grunt_temple_overflow_champion_of_chaos, minitemple
D:8:      layout_basic, david_lair_generic, serial_shops,
          nicolae_shop_behind_doors
D:9:      layout_rooms, nicolae_tso_besieged_by_evil, david_orc_5
D:10:     layout_layer_cave
D:11:     hangedman_cross_stitches, layout_basic, basic_altar, uniq_grum
D:12:     layout_basic, serial_shops, kennysheep_mini, enter_trove_0,
          minmay_between
D:13:     layout_small_grid, serial_shops, nicolae_shop_overgrown_old_shop,
          uniq_rupert
Temple:   regret_index_temple_generic_petals
Lair:1:   layout_loops_ring, gammafunk_ghost_split,
          chequers_serial_rivers_small_3, disabler_island
Lair:2:   layout_hall_layers, elwin_shoals_entry_rooms, grunt_megastairs_5,
          serial_bayou_shore_b, uniq_maggie
Lair:3:   layout_regular_city, dummy_snake_entry, basic_altar, st_stairs_12,
          serial_bayou_shore_a
Lair:4:   layout_loops_ring
Lair:5:   layout_misc_corridors, grunt_megastairs_2, uniq_sonja
Lair:6:   wormcave, layout_cave_shapes, guppyfry_lair_end_dragon,
          nicolae_slime_entry_slimehenge
Shoals:1: layout_shoals, nicolae_shoals_this_corrosion
Shoals:2: cheibrodos_shoals_baths, layout_shoals, nicolae_shoals_square_sea_wall
Shoals:3: layout_shoals, ebering_ghost_davey_jones,
          nicolae_shoals_kraken_intersection, uniq_mara
Shoals:4: shoals_end_grunt_ice, layout_shoals
Snake:1:  layout_gridlike, basic_altar, nicolae_large_snake_swirl
Snake:2:  layout_grid_maze, minmay_shop_grove
Snake:3:  layout_cave_town, ebering_ghost_inner_flame, serial_shops, shop,
          hangedman_snake_wide_pillar_pass, minmay_shoptagon
Snake:4:  snake_pit_salamanders_mu, layout_cave_town,
          portal_ice_cave_entry_pillars_2, minmay_shop_star, uniq_nikola
Slime:1:  layout_caves
Orc:1:    layout_diamond_mine, serial_shops, shop, shop, uniq_urug,
          uniq_erolcha, uniq_nergalle
Orc:2:    grunt_orc_tribal_feast, layout_diamond_mine, serial_shops, shop
Elf:1:    eino_elf_arrival_shootout, layout_geoelf_grid,
          minmay_elf_annihilation, minmay_elf_demonology, uniq_azrael
Elf:2:    layout_loops_cross, serial_shops, nicolae_shop_behind_doors

Skill      XL: |  1  2  3  4  5  6  7  8  9 10 11 12 13 14 15 16 17 18 |
---------------+-------------------------------------------------------+-----
Dodging        | 2 3 4 5 6 7 |  7.4
Hexes          | 3 4 5 6 7 8 9 10 11 12 13 14 | 14.6
Crossbows      | 2 3 4 5 6 7 8 9 10 | 10.6
Fighting       | 2 3 5 6 7 8 9 10 11 | 11.1
Spellcasting   | 2 3 4 5 6 7 8 9 10 11 13 14 15 | 15.4
Short Blades   | 1 2 3 4 5 6 |  6.1
Stealth        | 1 2 3 4 |  4.7
Fire Magic     | 1 2 3 4 5 6 7 |  7.5
Ice Magic      | 1 |  1.9
Slings         | 3 5 7 8 9 |  9.9
Invocations    | 2 3 4 5 6 |  6.6
Shields        | 1 2 3 4 5 |  5.4
Evocations     | 1 2 |  2.3
Polearms       | 2 3 |  3.2
Maces & Flails | 1 |  1.2
Summonings     | 1 |  1.6
Necromancy     | 2 3 |  3.1
Throwing       | 1 |  1.7
Air Magic      | 1 |  1.5
Conjurations   | |  0.2

Action                   |  1- 3 |  4- 6 |  7- 9 | 10-12 | 13-15 | 16-18 || total
-------------------------+-------+-------+-------+-------+-------+-------++-------
Melee: Dagger            |    34 |    57 |   163 |   304 |   318 |       ||   876
       Tailslap          |     4 |    10 |    21 |    44 |   111 |    47 ||   237
       Short sword       |       |    31 |       |       |       |       ||    31
       Flail             |       |       |     5 |     3 |       |       ||     8
       Spear             |       |       |       |    28 |   280 |   113 ||   421
       Rapier            |       |       |       |     6 |   102 |   189 ||   297
       Bite              |       |       |       |       |    59 |    39 ||    98
       Morningstar       |       |       |       |       |    20 |       ||    20
 Fire: Hand crossbow     |    66 |   124 |   249 |   104 |   819 |   511 ||  1873
       Hunting sling     |       |       |       |   336 |   147 |   519 ||  1002
       Shortbow          |       |       |       |     2 |       |       ||     2
Throw: Boomerang         |       |       |       |       |     3 |     3 ||     6
       Dart              |       |       |       |       |       |     3 ||     3
       Javelin           |       |       |       |       |       |    48 ||    48
 Cast: Corona            |    19 |    26 |    29 |    52 |   188 |   119 ||   433
       Slow              |     1 |    20 |    49 |    74 |   251 |   162 ||   557
       Inner Flame       |       |       |    19 |    69 |   149 |    79 ||   316
       Tukima's Dance    |       |       |     7 |    21 |    18 |    14 ||    60
       Ensorcelled Hiber |       |       |     2 |     6 |     8 |     5 ||    21
       Dazzling Flash    |       |       |       |     2 |    16 |     1 ||    19
       Swiftness         |       |       |       |     1 |     5 |     2 ||     8
       Summon Small Mamm |       |       |       |       |    24 |     1 ||    25
       Animate Skeleton  |       |       |       |       |     7 |    72 ||    79
       Cause Fear        |       |       |       |       |     4 |    13 ||    17
       Metabolic Englaci |       |       |       |       |     2 |     9 ||    11
       Silence           |       |       |       |       |       |    14 ||    14
Invok: Wall of Briars    |       |       |     4 |    49 |    55 |    41 ||   149
       Grow Ballistomyce |       |       |       |       |    10 |    16 ||    26
 Abil: Fly               |     1 |       |       |       |       |     1 ||     2
       Breathe Acid      |       |       |    31 |    40 |    88 |    62 ||   221
       Evoke Blink       |       |       |       |       |     2 |     4 ||     6
       Evoke Berserk Rag |       |       |       |       |     2 |       ||     2
       Stop Flying       |       |       |       |       |       |     1 ||     1
Evoke: Wand              |       |       |       |    11 |    18 |     1 ||    30
       Box of beasts     |       |       |       |       |     1 |     3 ||     4
       Condenser vane    |       |       |       |       |     1 |     1 ||     2
       Lightning rod     |       |       |       |       |       |     4 ||     4
  Use: Scroll            |     6 |    10 |    12 |    18 |    19 |    12 ||    77
       Potion            |     3 |     2 |     3 |     5 |    16 |     7 ||    36
 Stab: Sleeping          |       |       |       |     3 |     4 |     2 ||     9
       Paralysed         |       |       |       |       |     2 |       ||     2
       Invisible         |       |       |       |       |     1 |       ||     1
Armor: Skin              |    20 |    42 |    50 |   126 |   270 |   155 ||   663
Dodge: Dodged            |    44 |    80 |   114 |   312 |   855 |   431 ||  1836
Block: Buckler           |       |       |       |    86 |   290 |   202 ||   578
       Reflection        |       |       |       |     6 |    31 |    38 ||    75

Table legend: (Time is in decaauts)
 A = Elapsed time spent in this place.
 B = Non-inter-level travel time spent in this place.
 C = Inter-level travel time spent in this place.
 D = Time resting spent in this place.
 E = Time spent auto-exploring this place.
 F = Levels seen in this place.
 G = Mean time per level.
                   A        B        C        D        E       F      G
               +--------+--------+--------+--------+--------+-----+--------+
         Total |  59149 |  59141 |      8 |  15187 |      0 |  35 | 1690.0 |
       Dungeon |  18031 |  18023 |      8 |   2682 |      0 |  13 | 1387.0 |
        Temple |    331 |    331 |      0 |      0 |      0 |   1 |  331.0 |
          Lair |  13571 |  13571 |      0 |   3097 |      0 |   6 | 2261.8 |
        Shoals |   8533 |   8533 |      0 |   2652 |      0 |   4 | 2133.2 |
     Snake Pit |  10359 |  10359 |      0 |   3561 |      0 |   4 | 2589.8 |
    Slime Pits |      7 |      7 |      0 |      0 |      0 |   1 |    7.0 |
  Orcish Mines |   4103 |   4103 |      0 |   1786 |      0 |   2 | 2051.5 |
   Elven Halls |   2487 |   2487 |      0 |    935 |      0 |   2 | 1243.5 |
       Ossuary |   1079 |   1079 |      0 |    289 |      0 |   1 | 1079.0 |
      Ice Cave |    644 |    644 |      0 |    185 |      0 |   1 |  644.0 |
               +--------+--------+--------+--------+--------+-----+--------+

Top non-repeatable levels by time:
 Snake:4: 4244 daAuts
   Orc:2: 3864 daAuts
  Lair:5: 3613 daAuts
  Lair:6: 2816 daAuts
Shoals:4: 2717 daAuts
 Snake:1: 2309 daAuts
   Elf:1: 2280 daAuts
  Lair:2: 2206 daAuts
     D:8: 2194 daAuts
    D:11: 2168 daAuts
Shoals:1: 2160 daAuts
Shoals:3: 2105 daAuts
     D:3: 2014 daAuts
     D:9: 1981 daAuts
  Lair:1: 1954 daAuts
